 Dungeon Crawl Stone Soup version 0.23-a0-677-g07611c5 (webtiles) character file.

46 gruber the Charmwright (level 3, -1/31 HPs)
             Began as a Gnoll Skald on Jan 9, 2019.
             Slain by Terence
             ... wielding a +1 mace of protection
              (9 damage)
             ... on level 2 of the Dungeon.
             The game lasted 00:02:08 (937 turns).

gruber the Charmwright (Gnoll Skald)                 Turns: 937, Time: 00:02:09

Health: -1/31      AC:  3    Str: 13    XL:     3   Next: 68%
Magic:  4/9        EV: 14    Int: 16    God:
Gold:   58         SH:  0    Dex: 14    Spells: 11/12 levels left

rFire    . . .     SeeInvis .   a - +0 spear
rCold    . . .     Gourm    .   (no shield)
rNeg     . . .     Faith    .   b - +0 leather armour
rPois    .         Spirit   .   (no helmet)
rElec    .         Reflect  .   (no cloak)
rCorr    .         Harm     .   (no gloves)
MR       .....                  (no boots)
Stlth    +.........             (no amulet)
HPRegen  0.10/turn              (no ring)
MPRegen  0.11/turn              (no ring)

@: infused
A: distributed training, fangs 1, strong nose
a: no special abilities


You were on level 2 of the Dungeon.
You were not hungry.

You visited 1 branch of the dungeon, and saw 2 of its levels.

You collected 58 gold pieces.

Inventory:

Hand Weapons
 a - a +0 spear (weapon)
Armour
 b - a +0 leather armour (worn)
 i - a +0 cloak
Scrolls
 c - a scroll of magic mapping {unknown}
 g - a scroll of identify {unknown}
 h - 2 scrolls of enchant armour {unknown}
 j - a scroll of remove curse {unknown}
Potions
 e - a potion of cancellation {unknown}
 f - a potion of curing {unknown}
 k - a potion of ambrosia {unknown}
Comestibles
 d - 5 rations


   Skills:
 + Level 4.5 Fighting
 + Level 0.9 Short Blades
 + Level 0.9 Long Blades
 + Level 0.9 Axes
 + Level 0.9 Maces & Flails
 + Level 4.5 Polearms
 + Level 0.9 Staves
 + Level 0.9 Slings
 + Level 0.9 Bows
 + Level 0.9 Crossbows
 + Level 0.9 Throwing
 + Level 2.6 Armour
 + Level 4.5 Dodging
 + Level 0.9 Stealth
 + Level 0.9 Shields
 + Level 0.9 Unarmed Combat
 + Level 5.0 Spellcasting
 + Level 0.6 Conjurations
 + Level 0.6 Hexes
 + Level 5.4 Charms
 + Level 0.6 Summonings
 + Level 0.6 Necromancy
 + Level 0.6 Translocations
 + Level 0.6 Transmutations
 + Level 0.6 Fire Magic
 + Level 0.6 Ice Magic
 + Level 0.6 Air Magic
 + Level 0.6 Earth Magic
 + Level 0.6 Poison Magic
 + Level 1.0 Invocations
 + Level 0.9 Evocations


You had 11 spell levels left.
You knew the following spells:

 Your Spells              Type           Power        Failure   Level  Hunger
a - Infusion              Chrm           ###.         1%          1    None

Your spell library contained the following spells:

 Spells                   Type           Power        Failure   Level  Hunger
 Song of Slaying          Chrm           ###.....     3%          2    #......
 Shroud of Golubria       Chrm/Tloc      ##........   9%          2    #......
 Regeneration             Chrm/Necr      ##........   17%         3    ###....
 Spectral Weapon          Hex/Chrm       ##......     17%         3    ###....


Dungeon Overview and Level Annotations

Branches:
Dungeon (2/15)

Altars:

Annotations:
D:2 Terence


Innate Abilities, Weirdness & Mutations

Your experience applies equally to all skills.
You have very sharp teeth.
Your uncanny sense of smell can sniff out nearby items.


Message History

Terence hits you with a +1 mace of protection.
Attack whom?
Press: ? - help, Dir - move target cursor, f/p - Terence
Aim: Terence, wielding a +1 mace of protection and wearing a +0 chain mail You barely miss Terence.
Your bite misses Terence.
Terence is moderately wounded.
Attack whom?
Press: ? - help, Dir - move target cursor, f/p - Terence
Aim: Terence, wielding a +1 mace of protection and wearing a +0 chain mail You hit Terence but do no damage.
Terence is moderately wounded.
Terence hits you with a +1 mace of protection.
* * * LOW HITPOINT WARNING * * *
Attack whom?
Press: ? - help, Dir - move target cursor, f/p - Terence
Aim: Terence, wielding a +1 mace of protection and wearing a +0 chain mail You hit Terence.
Terence is heavily wounded.
Terence hits you with a +1 mace of protection!
You die...

#....#.####....(.###≈ #.≈..≈.≈.
#....#.# #..#.....#######....≈≈
#.##.#.# #..#........# #.......
#....#.# #..#........# #.#....#
#..÷...# #..#.#......# #.#....#
#......# #..#.#......# #.#....#
#......# #..#........# #.......
#.#....## #..####.....#####....#
#.#.##..###...@@...............#
#.#.#.......#####.....####.....#
#.#.....(.# #.....# #.....#
#.#.......# #.....# #.....#
#.......# ####### #.....#
####.##.#### #.....#
#..........# .######
#....b.....# # #..........#


You could see Terence.

Vanquished Creatures
  A worm (D:2)
  A leopard gecko (D:1)
  6 bats
  2 giant cockroaches
  4 goblins
  3 hobgoblins (D:1)
  12 jackals
  3 frilled lizards
  2 kobolds (D:1)
  5 rats (D:1)
39 creatures vanquished.

Notes
Turn   | Place    | Note
-------+----------+-------------------------------------------
     0 | D:1      | gruber the Gnoll Skald began the quest for the Orb.
     0 | D:1      | Reached XP level 1. HP: 20/20 MP: 6/6
    40 | D:1      | Reached XP level 2. HP: 16/26 MP: 2/7
   386 | D:1      | Reached XP level 3. HP: 30/31 MP: 5/9
   402 | D:1      | Reached skill level 5 in Spellcasting
   699 | D:2      | Reached skill level 1 in Invocations
   899 | D:2      | Noticed Terence
   937 | D:2      | Slain by Terence

Vault maps used:
D:1:      mrwooster_arrival_statue_2
D:2:      minmay_door_path, lemuel_crystal_altar, serial_rivers,
          chequers_serial_rivers_micro_b, chequers_serial_rivers_micro_a,
          chequers_serial_rivers_small_3, chequers_serial_rivers_large_a,
          uniq_terence

Skill      XL: |  1  2  3 |
---------------+----------+-----
Spellcasting   | 5 |  5.0
Invocations    | 1 |  1.0
Fighting       | |  4.5
Short Blades   | |  0.9
Long Blades    | |  0.9
Axes           | |  0.9
Maces & Flails | |  0.9
Polearms       | |  4.5
Staves         | |  0.9
Slings         | |  0.9
Bows           | |  0.9
Crossbows      | |  0.9
Throwing       | |  0.9
Armour         | |  2.6
Dodging        | |  4.5
Stealth        | |  0.9
Shields        | |  0.9
Unarmed Combat | |  0.9
Conjurations   | |  0.6
Hexes          | |  0.6
Charms         | |  5.4
Summonings     | |  0.6
Necromancy     | |  0.6
Translocations | |  0.6
Transmutations | |  0.6
Fire Magic     | |  0.6
Ice Magic      | |  0.6
Air Magic      | |  0.6
Earth Magic    | |  0.6
Poison Magic   | |  0.6
Evocations     | |  0.9

Action                   || total
-------------------------++-------
Melee: Spear             ||   119
       Bite              ||     3
 Cast: Infusion          ||     8
 Stab: Sleeping          ||     3
Armor: Leather armour    ||    20
Dodge: Dodged            ||    76

Table legend:
 A = Non-vault XP
 B = Vault XP
 C = Vault XP percentage of total XP
 D = Non-vault monster count
 E = Vault monster count
 F = Vault count percentage of total count
                 A         B        C        D         E       F
            +---------+---------+-------+---------+---------+-------
      Total |      67 |       0 |   0.0 |      39 |       0 |   0.0
            +---------+---------+-------+---------+---------+-------
        D:1 |      45 |       0 |   0.0 |      27 |       0 |   0.0
        D:2 |      22 |       0 |   0.0 |      12 |       0 |   0.0
            +---------+---------+-------+---------+---------+-------
